 Dungeon Crawl Stone Soup version 0.31.0-9-g3a7656b989 (console) character file.

Game seed: 14906694445425237084

204570 wheals the Slayer (level 17, -3/165 HPs)
             Began as a Demonspawn Monk on Jan 29, 2024.
             Was the Champion of Ru.
             Slain by a merfolk impaler
             ... wielding a +3 trident of venom
              (11 damage)
             ... on level 1 of the Shoals.
             The game lasted 01:38:32 (32739 turns).

wheals the Slayer (Demonspawn Monk)                Turns: 32739, Time: 01:38:33

Health: -3/165     AC: 39    Str: 19    XL:     17   Next: 1%
Magic:  0/24       EV: 11    Int: 11    God:    Ru [******]
Gold:   1983       SH: 14    Dex: 16    Spells: 17/25 levels left

rFire   + . .        a - +8 arc blade {discharge, rElec}
rCold   + + .        x - +2 kite shield {rC+ rF+}
rNeg    . . .        Z - +9 plate armour of Xom's Whim {rPois rC+ Regen+}
rPois   +            X - +2 helmet
rElec   +            M - +2 cloak
rCorr   .            U - +2 pair of gloves
SInv    .            (boots unavailable)
Will    +....        F - amulet of guardian spirit Stlth
                     S - +5 ring of evasion
HPRegen 1.27/turn    v - ring of flight
MPRegen 0.19/turn

%: guardian spirit
@: lethally poisoned (-3 -> -8), about to teleport, flying, mesmerised, studying
Ice Magic
A: hooves 3, rugged brown scales 2, demonic guardian 3, foul stench 1, inability
to drink after injury 2, inability to use devices, inability to train dodging,
inexperienced 1, claws 1, MP-powered wands
}: 1/15 runes: gossamer
a: Renounce Religion, Draw Out Power, Power Leap, Apocalypse


You were on level 1 of the Shoals.
You worshipped Ru.
Ru was exalted by your worship.
You visited 5 branches of the dungeon, and saw 27 of its levels.
You also visited: Bailey, Gauntlet and Ice Cave.

You collected 3573 gold pieces.
You spent 1590 gold pieces at shops.

Inventory:

Hand Weapons
 a - the +8 arc blade (weapon) {discharge, rElec}
   (You bought it in a shop on level 1 of the Dungeon)

   rElec:     It insulates you from electricity.
 b - the +12 demon blade "Zusseole" {venom, rPois rCorr Str+2}
   (You found it on level 7 of the Dungeon)

   Str+2:     It affects your strength (+2).
   rPois:     It protects you from poison rCorr: It protects you from acid and
   corrosion.
Missiles
 B - 4 throwing nets (quivered)
 O - 5 curare-tipped darts
Armour
 h - the +0 helmet of Lies {rElec Str+5}
   (You found it in a Gauntlet)

   Str+5:     It affects your strength (+5).
   rElec:     It insulates you from electricity.
 x - a +2 kite shield of resistance (worn)
   (You took it off a tengu warrior on level 15 of the Dungeon)
 M - a +2 cloak (worn)
   (You took it off Maurice on level 9 of the Dungeon)
 U - a +2 pair of gloves (worn)
   (You found it in an ice cave)
 V - the +4 skin of Zhor {*Englaciate rC+++ SInv}
   (You found it in an ice cave)

   *Englaciate: It radiates cold, occasionally slowing all nearby creatures who
   are not resistant to cold.
   rC+++:     It renders you almost immune to cold.
   SInv:      It lets you see invisible.
 X - a +2 helmet (worn)
   (You found it on level 3 of the Lair of Beasts)
 Z - the +9 plate armour of Xom's Whim (worn) {rPois rC+ Regen+}
   (You took it off a hell knight on level 12 of the Dungeon)

   rC+:       It protects you from cold.
   rPois:     It protects you from poison Regen+: It increases your rate of
   health regeneration.
Jewellery
 r - a ring of see invisible
   (You found it on level 2 of the Dungeon)
 t - an amulet of the acrobat
   (You found it on level 2 of the Dungeon)
 v - a ring of flight (right hand)
   (You found it on level 5 of the Dungeon)
 y - a ring of willpower
   (You found it on level 4 of the Spider Nest)
 F - an amulet of guardian spirit (around neck)
   (You found it on level 3 of the Dungeon)
 G - a +5 ring of evasion
   (You took it off an orc warrior on level 6 of the Dungeon)
 Q - a ring of fire
   (You found it on level 11 of the Dungeon)
 S - a +5 ring of evasion (left hand)
   (You found it on level 1 of the Lair of Beasts)
Scrolls
 c - 2 scrolls of revelation
 f - 3 scrolls of fog
 i - 8 scrolls of teleportation
 k - 5 scrolls of enchant weapon
 n - a scroll of summoning
 o - 5 scrolls of poison
 p - 3 scrolls of fear
 s - 9 scrolls of amnesia
 w - 2 scrolls of vulnerability
 z - a scroll of enchant armour
 J - 5 scrolls of silence {!r}
 R - 2 scrolls of brand weapon
 T - 7 scrolls of blinking
 Y - 4 scrolls of immolation
Potions
 d - a potion of attraction
 e - 14 potions of curing {!q}
 g - 3 potions of enlightenment
 j - 3 potions of invisibility
 l - 12 potions of haste {!q}
 m - 2 potions of heal wounds {!q}
 q - a potion of cancellation
 u - a potion of berserk rage
 D - 4 potions of might
 I - 6 potions of resistance {!q}
 K - 9 potions of brilliance
 N - 2 potions of magic {!q}
 P - 13 potions of ambrosia {!e}


   Skills:
 + Level 21.5 Fighting
 - Level 14.0 Short Blades
 - Level 2.8 Polearms
 - Level 15.9 Armour
 - Level 10.0 Shields
 - Level 4.9 Spellcasting
 * Level 9.9 Necromancy
 - Level 3.0 Ice Magic


You had 17 spell levels left.
You knew the following spells:

 Your Spells              Type           Power      Damage    Failure   Level
a - Curse of Agony        Necr           24%        N/A       92%         5
b - Vampiric Draining     Necr           24%        2d7       24%         3

Your spell library contained the following spells:

 Spells                   Type           Power      Damage    Failure   Level
 Necrotise                Necr           96%        1d8       9%          1
 Cigotuvi's Dreadful Rot  Necr/Alch/Air  20%        N/A       88%         2
 Ensorcelled Hibernation  Hex/Ice        12%        N/A       98%         2
 Foxfire                  Conj/Fire      8%         2x1d4     99%         1
 Shock                    Conj/Air       8%         1d3       99%         1
 Slow                     Hex            8%         N/A       99%         1
 Sting                    Conj/Alch      8%         1d3       99%         1
 Summon Small Mammal      Summ           8%         N/A       99%         1
 Ozocubu's Armour         Ice            9%         N/A       99%         3
 Martyr's Knell           Necr/Summ      13%        N/A       99%         4
 Call Imp                 Summ           4%         N/A       100%        2
 Lesser Beckoning         Tloc           4%         N/A       100%        2
 Mercury Vapours          Alch/Air       4%         N/A       100%        2
 Call Canine Familiar     Summ           2%         N/A       100%        3
 Hailstorm                Conj/Ice       6%         3d5       100%        3
 Inner Flame              Hex/Fire       2%         N/A       100%        3
 Mephitic Cloud           Conj/Alch/Air  2%         N/A       100%        3
 Passwall                 Erth           2%         N/A       100%        3
 Summon Ice Beast         Ice/Summ       6%         N/A       100%        3
 Swiftness                Air            2%         N/A       100%        3
 Volatile Blastmotes      Fire/Tloc      4%         2d10      100%        3
 Airstrike                Air            1%         2d(1-17)  100%        4
 Flame Wave               Conj/Fire      2%         2d4       100%        4
 Fulminant Prism          Conj/Alch      1%         3d5       100%        4
 Ignite Poison            Fire/Alch      2%         N/A       100%        4
 Iskenderun's Mystic Bla  Conj/Tloc      2%         2d3       100%        4
 Olgreb's Toxic Radiance  Alch           2%         N/A       100%        4
 Passage of Golubria      Tloc           2%         N/A       100%        4
 Sticky Flame             Fire/Alch      2%         2d4       100%        4
 Summon Blazeheart Golem  Fire/Summ      2%         N/A       100%        4
 Summon Lightning Spire   Summ/Air       2%         N/A       100%        4
 Freezing Cloud           Conj/Ice/Air   2%         6-21      100%        5
 Irradiate                Conj/Alch      1%         3d12      100%        5
 Silence                  Hex/Air        1%         N/A       100%        5
 Summon Forest            Summ/Tloc      1%         N/A       100%        5
 Bombard                  Conj/Erth      1%         9d1       100%        6
 Plasma Beam              Fire/Air       1%         2x1d11    100%        6
 Sculpt Simulacrum        Ice/Alch       3%         N/A       100%        6
 Starburst                Conj/Fire      1%         6d3       100%        6
 Haunt                    Necr/Summ      6%         N/A       100%        7
 Borgnjor's Revivificati  Necr           12%        N/A       100%        8
 Ignition                 Fire           1%         3d3       100%        8
 Lehudib's Crystal Spear  Conj/Erth      1%         10d2      100%        8
 Chain Lightning          Conj/Air       1%         3d1       100%        9
 Death's Door             Necr           12%        N/A       100%        9
 Fire Storm               Conj/Fire      1%         7d1       100%        9


Dungeon Overview and Level Annotations

Branches:
Dungeon (15/15)            Temple (0/1) D:6            Lair (5/5) D:8
 Shoals (1/4) Lair:2       Spider (4/4) Lair:3        Slime (0/5) Lair:4
    Orc (2/2) D:11            Elf (0/3) Orc:2        Vaults (0/5) D:14
 Depths (0/4) D:15         Bailey (visited)           IceCv (visited)
Gauntlet (visited)

Altars:
Ashenzari
Cheibriados
Dithmenos
Gozag
Kikubaaqudgha
Qazlal
Ru
Uskayaw
Vehumet
Yredelemnul

Shops:
D:1 (   D:9 (   D:11 (   D:12 ?   D:13 !   D:15 !   Orc:2 =[=?

Annotations:
Spider:3 Roxanne


Innate Abilities, Weirdness & Mutations

You have hooves in place of feet.
You are mostly covered in rugged brown scales. (AC +2, +5% HP)
A powerful demonic guardian rushes to your aid.
You may rarely emit foul miasma when damaged in melee.
You sometimes lose the ability to drink potions when taking damage.
You cannot study or use magical devices.
You cannot train Dodging skill.
You are somewhat inexperienced. (-1 XL)
You have sharp fingernails.
You expend magic power (3 MP) to strengthen your wands.


Message History

The merfolk impaler hits you from afar with a +3 trident of venom!
* * * LOW HITPOINT WARNING * * *
You are more poisoned.
You have reached level 17!
Your demonic ancestry asserts itself...
Your guardian grows in power.
You hit the merfolk impaler.
The arc blade crackles.
The merfolk impaler is struck by an arc of lightning!
The merfolk impaler is severely wounded.
You are struck by an arc of lightning.
The merfolk impaler is struck by an arc of lightning.
The merfolk impaler is severely wounded.
The merfolk impaler is struck by an arc of lightning!!
The merfolk impaler is moderately wounded.
The merfolk javelineer is struck by an arc of lightning!
The merfolk javelineer is heavily wounded.
The lightning grounds out.
Your kick misses the merfolk impaler.
The merfolk impaler is severely wounded.
You feel very sick. You block the merfolk impaler's attack.
The merfolk impaler hits you but does no damage.
Unknown command.
You barely miss the merfolk avatar. Your kick misses the merfolk avatar.
You feel very sick.
The merfolk impaler hits you with a +0 heavy trident!
* * * LOW HITPOINT WARNING * * *
The merfolk impaler barely misses you.
The merfolk avatar chants its luring song.
You block the merfolk impaler's attack.
You hit the merfolk impaler but do no damage.
The arc blade crackles.
The merfolk impaler is struck by an arc of lightning!
The merfolk impaler is almost dead.
You are struck by an arc of lightning.
The merfolk impaler is struck by an arc of lightning!
The merfolk impaler is almost dead.
The merfolk impaler is struck by an arc of lightning.
The merfolk impaler is moderately wounded.
The merfolk impaler is struck by an arc of lightning.
You kill the merfolk impaler!
You are struck by an arc of lightning.
The merfolk avatar is struck by an arc of lightning!
The merfolk avatar is lightly wounded.
The merfolk impaler is struck by an arc of lightning!
The merfolk impaler is moderately wounded.
The lightning grounds out.
The merfolk avatar is struck by an arc of lightning!
The merfolk avatar is moderately wounded.
The merfolk impaler is struck by an arc of lightning!
The merfolk impaler is heavily wounded.
The merfolk javelineer is struck by an arc of lightning!
The merfolk javelineer is severely wounded.
The merfolk impaler is struck by an arc of lightning!
The merfolk impaler is heavily wounded.
The merfolk avatar is struck by an arc of lightning!
The merfolk avatar is heavily wounded.
You are struck by an arc of lightning.
The merfolk avatar is struck by an arc of lightning!
The merfolk avatar is heavily wounded.
The merfolk impaler is struck by an arc of lightning!
The merfolk impaler is heavily wounded.
The lightning grounds out.
You feel very sick.
The merfolk javelineer is no longer blind.
The merfolk impaler hits you but does no damage.
You redirect the merfolk javelineer's attack!
The merfolk javelineer throws a javelin.
The javelin closely misses the merfolk avatar.
The merfolk impaler hits you but does no damage.
Unknown command.
Okay, then.
Okay, then.
Unknown command.
You hit the merfolk avatar but do no damage.
The merfolk avatar is heavily wounded.
You feel very sick.
The merfolk impaler hits you from afar with a +0 demon trident.
* * * LOW HITPOINT WARNING * * *
The merfolk impaler hits you from afar with a +0 trident!
* * * LOW MAGIC WARNING * * *
* * * LOW HITPOINT WARNING * * *
A demonic guardian appears!
The merfolk avatar chants its luring song.
You block the merfolk impaler's attack.
As you read the scroll of teleportation, it crumbles to dust.
You feel strangely unstable.
You feel very sick.
The merfolk impaler hits you from afar with a +0 trident.
* * * LOW HITPOINT WARNING * * *
The merfolk javelineer throws a javelin.
The javelin pierces through you.
* * * LOW HITPOINT WARNING * * *
The merfolk impaler hits you from afar with a +0 demon trident!!
* * * LOW MAGIC WARNING * * *
* * * LOW HITPOINT WARNING * * *
Your hell beast bites the merfolk impaler!!
Your hell beast completely misses the merfolk impaler.
The merfolk impaler hits you from afar with a +3 trident of venom!
* * * LOW MAGIC WARNING * * *
You die...

.....~≈≈≈≈≈≈≈≈≈≈≈≈≈≈≈#
....~~≈≈≈≈≈≈≈≈≈≈≈≈≈≈≈#
~~..~~≈≈≈≈≈≈≈≈≈≈≈≈≈≈≈#
~~..≈≈≈≈≈≈≈≈≈≈≈≈≈≈≈≈≈#
~~.≈≈≈≈≈≈≈≈#≈≈≈#≈≈≈≈≈#
~~..≈≈≈≈≈≈#######≈≈≈≈#
~~...~≈≈≈###$$$###≈≈≈#
~~....≈≈≈≈#$.$m2#≈≈≈≈#
~~....≈≈≈≈#.=$m$6≈≈≈≈#
~~....≈≈≈≈#..$mm#≈≈≈≈#
~~...~≈≈≈###..m###≈≈≈#
≈~~≈.≈≈≈≈≈##### ≈≈≈≈#
≈≈~≈≈≈≈≈≈≈≈# ≈≈≈≈#
≈≈≈~≈≈≈≈≈≈≈≈ ≈≈≈≈#
≈≈≈≈~~≈≈≈≈≈≈ ≈≈≈≈≈#
≈≈≈≈≈~~~~≈≈≈ ≈≈≈#
≈≈~~~~.~~~≈≈


You could see a merfolk avatar (mesmerising), 3 merfolk impalers, a merfolk
javelineer and a friendly hell beast (summoned).

Vanquished Creatures
  Arachne (Spider:3)
  Rupert (Lair:4)
  2 sphinxes (D:12 D:13)
  Donald (Spider:3)
  2 tengu reavers (D:12 D:13)
  3 fire giants (D:12 D:13)
  3 emperor scorpions (Spider:1 Spider:3)
  3 ghost moths (Spider:4)
  Louise (Spider:4)
  The ghost of Lamaleuchte the Geomancer, a journeyman GrEE of Vehumet (Lair:4)
  4 broodmothers (Spider:2 Spider:3 Spider:4)
  Nessos (Lair:4)
  A formless jellyfish (Shoals:1)
  A war gargoyle (D:13)
  A minotaur (Gauntlet)
  5 spark wasps (Spider:3 Spider:4)
  An ettin (D:12)
  2 merfolk impalers (Shoals:1)
  A merfolk javelineer (Shoals:1)
  A yaktaur captain (D:13)
  Josephine (D:12)
  8 entropy weavers (Spider:1 Spider:2 Spider:3 Spider:4)
  A fire dragon (D:15)
  The ghost of Tinttamiau the Thaumaturge, a journeyman DgFE (Lair:3)
  4 hydras (Lair:2 Lair:3 D:12 D:13)
  2 ice dragons (Lair:5)
  5 radroaches (Spider:4)
  2 catoblepae (Lair:3 D:12)
  6 ogre magi (D:12 D:14 Orc:2)
  Erolcha (Orc:2)
  11 centaur warriors (D:7 D:12 D:13 D:14)
  7 death yaks (Lair:5)
  6 boulder beetles (Lair:5 D:12 D:13 Spider:3)
  6 two-headed ogres (D:9 D:10 D:13 D:14)
  A merfolk aquamancer (Shoals:1)
  A tengu warrior (D:15)
  An orc high priest (Orc:1)
  4 demonic crawlers (Spider:1 Spider:2 Spider:3)
  3 deep troll earth magi (D:12 D:13 D:15)
  A hell knight (D:12)
  A fire crab (Lair:3)
  Nergalle (Orc:2)
  2 skysharks (Lair:5 Shoals:1)
  2 pharaoh ants (Spider:3 Spider:4)
  2 sea snakes (Shoals:1)
  10 orb spiders (Spider:1 Spider:2 Spider:3 Spider:4)
  A flayed ghost (D:12)
  A sun moth (Spider:1)
  An orange crystal statue (Lair:2)
  A swamp dragon (Lair:5)
  10 steelbarb worms (Spider:1 Spider:2 Spider:3 Spider:4)
  2 deep elf zephyrmancers (Orc:2)
  2 lindwurms (Lair:5)
  11 deep elf pyromancers (D:13 D:14 D:15 Orc:2)
  2 harpies (Shoals:1)
  A necromancer (IceCv)
  5 orc knights (Bailey D:12 Orc:1 Orc:2)
  7 manticores (D:12 D:13 D:14 D:15 Shoals:1)
  7 orc sorcerers (D:13 Orc:1 Orc:2)
  A faun (Shoals:1)
  9 ugly things (D:11 D:13 D:15)
  A wolf spider (shapeshifter) (D:12)
  An oklob plant (Lair:2)
  19 wolf spiders (Spider:1 Spider:2 Spider:3 Spider:4)
  3 moths of wrath (Gauntlet Spider:2 Spider:4)
  14 meliai (D:13 D:14 Spider:1 Spider:3 Spider:4)
  A cyclops (D:12)
  A rust devil (D:10)
  Maurice (D:9)
  16 elephants (D:8 Lair:2 Lair:4 Lair:5)
  6 black mambas (Lair:2 Lair:5 Lair:3)
  An ice statue (IceCv)
  2 water nymphs (Shoals:1)
  An eye of devastation (Gauntlet)
  5 kobold blastminers (Orc:1 Orc:2)
  A smoke demon (D:10)
  An unseen horror (shapeshifter) (D:13)
  11 torpor snails (Lair:5 Spider:1 Spider:3)
  9 cane toads (Lair:1 Lair:2 Lair:3 Lair:4 Lair:5)
  2 freezing wraiths (IceCv D:14)
  3 efreet (D:12 D:14)
  8 rime drakes (Lair:3 Lair:4 Lair:5)
  8 komodo dragons (D:11 Lair:1 Lair:2 Lair:3 Lair:5)
  11 ice devils (IceCv)
  2 merfolk (Shoals:1)
  3 tyrant leeches (Lair:5)
  A tengu conjurer (D:15)
  A polar bear (shapeshifter) (D:15)
  A queen bee (D:10)
  5 trolls (D:10 D:11 D:12 Orc:2)
  8 hornets (Lair:5 Lair:4)
  A hornet (shapeshifter) (D:12)
  23 tarantellas (Spider:1 Spider:2 Spider:3 Spider:4)
  2 wind drakes (Shoals:1)
  A polar bear (Lair:3)
  12 blink frogs (Lair:3 Lair:4 Lair:5)
  A blink frog (shapeshifter) (D:12)
  2 glass eyes (Gauntlet)
  7 slime creatures (Lair:4 D:12)
  3 snapping turtles (Lair:2 Shoals:1)
  33 jumping spiders (Spider:1 Spider:2 Spider:3 Spider:4)
  3 shadows (D:11 D:12)
  2 dire elephant simulacra (IceCv)
  3 water elementals (Lair:2 D:14 D:15)
  A vampire (D:11)
  2 spriggans (Lair:4)
  22 culicivoras (Lair:3 Spider:1 Spider:2 Spider:3 Spider:4)
  Sigmund (D:3)
  7 basilisks (D:8 Lair:3 Lair:5 D:12 D:13)
  36 yaks (D:6 D:9 D:11 Lair:1 Lair:3)
  6 wraiths (D:12 D:13)
  4 wyverns (D:8 Lair:2 Lair:4)
  5 wargs (Orc:1 Orc:2)
  4 vampire mosquitoes (D:10 D:13)
  A redback (shapeshifter) (D:12)
  A steam dragon (D:7)
  49 redbacks (Lair:3 Spider:1 Spider:2 Spider:3 Spider:4)
  3 death yak simulacra (IceCv)
  3 harpy simulacra (IceCv)
  An acid dragon (Lair:5)
  14 water moccasins (D:6 D:7 Lair:2 Lair:3 Lair:4)
  4 hydra simulacra (IceCv)
  12 orc warriors (D:6 D:8 D:10 D:11 Orc:1)
  4 black bears (D:6 D:8 Lair:4)
  2 swamp drakes (Lair:5)
  An elephant zombie (D:7)
  A sky beast (D:6)
  4 laughing skulls (Gauntlet)
  2 boggarts (Lair:4 D:15)
  11 wolves (Lair:3 Lair:5 Gauntlet)
  8 ogres (Orc:1 Orc:2)
  25 centaurs (D:4 D:7 D:9 D:10 D:12)
  A phantom (D:4)
  A weeping skull (Gauntlet)
  11 bullfrogs (D:6 D:7 D:8 Lair:1 Lair:2)
  2 kobold brigands (D:8 D:10)
  An elf zombie (D:7)
  3 gnoll sergeants (D:6 D:8 D:9)
  4 scorpions (D:4 D:6 D:7)
  5 cane toad simulacra (IceCv)
  7 wights (D:8 D:9)
  4 elephant simulacra (IceCv)
  22 killer bees (D:7 D:10)
  9 electric eels (Lair:2 Lair:5 D:12 D:14)
  11 howler monkeys (D:7 D:9 D:10 D:11)
  3 bombardier beetles (D:3 D:5)
  3 vampire bats (D:3 Orc:2)
  3 lava snakes (Lair:2)
  2 centaur zombies (D:7)
  2 jellies (D:6 Lair:4)
  A hound (D:6)
  24 orc priests (D:3 D:6 D:7 D:8 D:9)
  2 gnoll boudas (D:5 D:8)
  8 iguanas (D:5 D:6 Lair:5)
  Natasha (thrice) (D:3)
  42 orc wizards (D:6 D:7 D:8 D:10 D:13)
  7 hell rats (Lair:4)
  2 spriggan simulacra (IceCv)
  3 troll simulacra (IceCv)
  4 polar bear simulacra (IceCv)
  3 wolf simulacra (IceCv)
  2 killer bee zombies (D:7)
  6 hound zombies (D:7)
  A howler monkey zombie (D:7)
  34 gnolls (D:5 D:6 D:7 D:8 D:9)
  9 adders (D:3 D:4 D:5 D:6)
  A shadow imp (D:5)
  A white imp (D:5)
  7 ufetubi (D:5 D:6 IceCv)
  An adder zombie (D:7)
  6 dart slugs (D:1 D:4)
  3 fire bats (D:3)
  2 ribbon worms (D:2 D:7)
  108 orcs (D:3 D:5 D:6 D:7 D:8)
  2 spectral bats (D:3)
  7 ball pythons (D:1 D:2 D:3 D:4)
  A bat simulacrum (D:3)
  3 bat skeletons (D:3)
  A bat zombie (D:3)
  3 endoplasms (D:3 D:4)
  3 giant cockroaches (D:1 D:2)
  5 goblins (D:1 D:2 D:3)
  12 hobgoblins (D:1 D:2 D:3 D:4)
  14 kobolds (D:1 D:2 D:3 D:4 D:8)
  4 quokkas (D:2 D:3 D:5)
  17 bats (D:1 D:2 D:3 Orc:2)
  3 frilled lizards (D:1 D:3)
  4 rats (D:1 D:2)
1114 creatures vanquished.

Vanquished Creatures (collateral kills)
  A yaktaur captain (D:13)
  A fire dragon (D:13)
  A hydra (Lair:3)
  2 deep elf pyromancers (D:12 D:14)
  An elephant (Lair:2)
  2 ice devils (IceCv)
  A blink frog (Lair:3)
  A yak (Lair:5)
  A gnoll sergeant (D:10)
  2 killer bees (D:7)
  An orc wizard (D:11)
  A gnoll (D:5)
  5 orcs (D:10 D:11)
20 creatures vanquished.

Vanquished Creatures (others)
  An emperor scorpion (Spider:4)
  A hydra (D:14)
  A demonic crawler (Spider:1)
  A harpy (Shoals:1)
  A wolf spider (Spider:4)
  An elephant (Lair:2)
  A torpor snail (Lair:4)
  A komodo dragon (D:11)
  A tarantella (Spider:3)
  2 jumping spiders (Spider:4)
  A killer bee (D:10)
  A jelly (D:5)
  A scorpion zombie (D:7)
  2 gnolls (D:8 Bailey)
  2 orcs (D:10 Orc:2)
18 creatures vanquished.

Grand Total: 1152 creatures vanquished

Notes
Turn   | Place    | Note
-------+----------+-------------------------------------------
     0 | D:1      | wheals the Demonspawn Monk began the quest for the Orb.
     0 | D:1      | Reached XP level 1. HP: 18/18 MP: 1/1
    69 | D:1      | Found Qusiut's Weapon Shop.
   134 | D:1      | Gained mutation: You have large cloven feet. [demonic
                  | ancestry]
   134 | D:1      | Reached XP level 2. HP: 24/24 MP: 2/2
   568 | D:1      | Reached skill level 4 in Fighting
   880 | D:2      | Reached XP level 3. HP: 30/30 MP: 3/3
   904 | D:2      | Found a basalt altar of Yredelemnul.
  1546 | D:2      | Identified the +6 dagger "Myvvekah" {protect, Str+2 Dex+4
                  | SInv}
  1783 | D:3      | Noticed Sigmund
  1845 | D:3      | Reached skill level 1 in Short Blades
  1887 | D:3      | Got Sif Muna's Grimoire of the Shocking Congregation
  2118 | D:3      | Reached XP level 4. HP: 35/37 MP: 4/4
  2341 | D:3      | Reached XP level 5. HP: 42/42 MP: 5/5
  2361 | D:3      | Killed Sigmund
  2362 | D:3      | Gained mutation: You have hoof-like feet. [demonic
                  | ancestry]
  2362 | D:3      | Reached XP level 6. HP: 48/48 MP: 6/6
  2370 | D:3      | Noticed Natasha
  2386 | D:3      | Killed Natasha
  2457 | D:3      | Reached skill level 5 in Short Blades
  3006 | D:3      | Gained mutation: A weak demonic guardian rushes to your
                  | aid. [demonic ancestry]
  3006 | D:3      | Reached XP level 7. HP: 54/54 MP: 7/7
  3059 | D:3      | Noticed Natasha
  3066 | D:3      | Killed Natasha
  3237 | D:3      | Noticed Natasha
  3246 | D:3      | Killed Natasha
  3304 | D:4      | Reached skill level 1 in Shields
  3382 | D:4      | Found a basalt altar of Yredelemnul.
  3384 | D:4      | Found an opulent altar of Gozag.
  3806 | D:5      | Entered Level 5 of the Dungeon
  3890 | D:5      | Found a radiant altar of Vehumet.
  3924 | D:5      | Found a sacrificial altar of Ru.
  3943 | D:5      | Became a worshipper of Ru the Awakened
  3972 | D:5      | Gained mutation: You cannot study or use magical devices.
                  | [Ru sacrifice]
  3972 | D:5      | Reached * piety under Ru
  3972 | D:5      | Reached ** piety under Ru
  4030 | D:5      | Found a stormy altar of Qazlal.
  4287 | D:5      | Gained mutation: You are partially covered in rugged brown
                  | scales. (AC +1, +3% HP) [demonic ancestry]
  4287 | D:5      | Reached XP level 8. HP: 44/61 MP: 8/8
  4345 | D:5      | Found a broken altar of Ashenzari.
  4617 | D:5      | Found a shadowy altar of Dithmenos.
  4767 | D:6      | Found a staircase to the Ecumenical Temple.
  5146 | D:6      | Reached skill level 5 in Shields
  5178 | D:6      | Gained mutation: A demonic guardian rushes to your aid.
                  | [demonic ancestry]
  5178 | D:6      | Reached XP level 9. HP: 27/66 MP: 4/9
  6057 | D:6      | Gained mutation: You are somewhat inexperienced. (-1 XL)
                  | [Ru sacrifice]
  6057 | D:6      | Reached XP level 8. HP: 62/62 MP: 8/8
  6057 | D:6      | Reached *** piety under Ru
  6057 | D:6      | Reached **** piety under Ru
  6596 | D:7      | Reached skill level 5 in Fighting
  6600 | D:7      | Found a snail-covered altar of Cheibriados.
  6679 | D:7      | Found an ancient bone altar of Kikubaaqudgha.
  6995 | D:7      | Reached skill level 6 in Fighting
  7142 | D:7      | Reached skill level 10 in Short Blades
  7176 | D:7      | Identified the +12 demon blade "Zusseole" {venom, rPois
                  | rCorr Str+2}
  7550 | D:8      | Noticed a centaur warrior
  7563 | D:7      | Reached XP level 9. HP: 70/73 MP: 9/9
  7678 | D:7      | Killed a centaur warrior
  7679 | D:7      | Reached skill level 7 in Fighting
  7775 | D:8      | Reached skill level 8 in Fighting
  8045 | D:8      | Noticed an elephant
  8056 | D:8      | Killed an elephant
  8057 | D:8      | Reached skill level 9 in Fighting
  8246 | D:8      | Found a staircase to the Lair.
  8542 | D:9      | Gained mutation: You occasionally lose the ability to drink
                  | potions when taking damage. [Ru sacrifice]
  8542 | D:9      | Gained mutation: You sometimes lose the ability to drink
                  | potions when taking damage. [Ru sacrifice]
  8542 | D:9      | Reached ***** piety under Ru
  8605 | D:9      | Reached skill level 10 in Fighting
  8836 | D:9      | Noticed a two-headed ogre
  8853 | D:9      | Killed a two-headed ogre
  9127 | D:9      | Reached skill level 11 in Fighting
  9178 | D:9      | Noticed Maurice
  9186 | D:9      | Killed Maurice
  9192 | D:9      | Reached XP level 10. HP: 81/90 MP: 7/10
  9202 | D:9      | Found Eptimyxt's Antique Weapon Boutique.
  9602 | D:10     | Entered Level 10 of the Dungeon
  9602 | D:10     | Found a flagged portal.
  9615 | Bailey   | Entered a bailey
  9734 | Bailey   | Noticed an orc knight
  9749 | Bailey   | Killed an orc knight
 10101 | D:10     | Reached skill level 12 in Fighting
 10108 | D:10     | Noticed a two-headed ogre
 10111 | D:10     | Killed a two-headed ogre
 10498 | D:10     | Reached skill level 13 in Fighting
 10503 | D:10     | Gained mutation: You cannot train Dodging skill. [Ru
                  | sacrifice]
 10503 | D:10     | Reached ****** piety under Ru
 10505 | D:10     | Identified the +1 war axe of Dishonesty {venom, Str+2
                  | Dex+3}
 11129 | D:11     | Reached skill level 14 in Fighting
 11556 | D:1      | Bought the +8 arc blade {discharge, rElec} for 660 gold
                  | pieces
 11556 | D:1      | Found the +8 arc blade {discharge, rElec}
 11683 | Lair:1   | Entered Level 1 of the Lair of Beasts
 12408 | Lair:2   | Noticed an orange crystal statue
 12510 | Lair:2   | Gained mutation: You are mostly covered in rugged brown
                  | scales. (AC +2, +5% HP) [demonic ancestry]
 12510 | Lair:2   | Reached XP level 11. HP: 77/106 MP: 9/11
 12511 | Lair:2   | Found a staircase to the Shoals.
 12945 | Lair:2   | Noticed a five-headed hydra
 12958 | Lair:2   | Killed a seven-headed hydra
 13939 | Lair:3   | Noticed a six-headed hydra
 13952 | Lair:3   | Killed a six-headed hydra
 14052 | Lair:3   | Noticed a catoblepas
 14063 | Lair:3   | Killed a catoblepas
 14183 | Lair:3   | Found a transporter.
 14184 | Lair:3   | Noticed Tinttamiau's ghost (journeyman DgFE)
 14185 | Lair:3   | Noticed a seven-headed hydra
 14186 | Lair:3   | Found a transporter.
 14381 | Lair:3   | Found a hole to the Spider Nest.
 14868 | Lair:4   | Found a runed translucent door.
 14893 | Lair:4   | Found a frozen archway.
 14905 | IceCv    | Entered an ice cave
 15041 | IceCv    | Gained mutation: You may rarely emit foul miasma when
                  | damaged in melee. [demonic ancestry]
 15041 | IceCv    | Reached XP level 12. HP: 113/113 MP: 12/12
 15157 | IceCv    | Reached skill level 1 in Armour
 15437 | IceCv    | Reached skill level 15 in Fighting
 16059 | IceCv    | Found an ancient bone altar of Kikubaaqudgha.
 16076 | IceCv    | Found the +4 skin of Zhor {*Englaciate rC+++ SInv}
 16389 | Lair:4   | Noticed Nessos
 16414 | Lair:4   | Killed Nessos
 16606 | Lair:4   | Noticed Rupert
 16626 | Lair:4   | Killed Rupert
 16627 | Lair:4   | Reached skill level 5 in Armour
 16985 | Lair:4   | Found a staircase to the Slime Pits.
 17133 | Lair:4   | Noticed Lamaleuchte's ghost (journeyman GrEE)
 17135 | Lair:4   | Identified the +5 spear of Mandamus {drain, Will+ Dex+4}
 17258 | Lair:5   | Entered Level 5 of the Lair of Beasts
 17271 | Lair:5   | Reached skill level 16 in Fighting
 17544 | Lair:5   | Reached XP level 13. HP: 58/124 MP: 7/13
 18400 | Lair:5   | Reached skill level 17 in Fighting
 19018 | Lair:5   | Paralysed by a hornet for 1 turns
 19461 | Lair:5   | Identified the serpent talisman of Loss {rElec rF+ rN++
                  | Int-3}
 19595 | Lair:4   | Killed Lamaleuchte's ghost
 19662 | Lair:3   | Killed Tinttamiau's ghost
 20042 | D:11     | Found a staircase to the Orcish Mines.
 20118 | D:11     | Found Zucyfadi's Weapon Shoppe.
 20445 | D:12     | Reached skill level 18 in Fighting
 20604 | D:12     | Identified the ring of Fousteosk {rN+ Int+7}
 20860 | D:12     | Found Ihatois's Magic Scroll Emporium.
 20876 | D:12     | Bought a scroll of identify for 26 gold pieces
 20876 | D:12     | Bought a scroll of brand weapon for 123 gold pieces
 20876 | D:12     | Bought a scroll of blinking for 97 gold pieces
 20876 | D:12     | Bought a scroll of identify for 26 gold pieces
 20876 | D:12     | Bought a scroll of immolation for 52 gold pieces
 21153 | D:12     | Noticed Josephine
 21163 | D:12     | Killed Josephine
 21166 | D:12     | Reached XP level 14. HP: 116/133 MP: 11/14
 21358 | D:12     | Noticed a sphinx
 21364 | D:12     | Killed a sphinx
 21579 | D:12     | Identified the +6 rapier "Oto Mikh" {holy, +Blink rN+}
 21615 | D:12     | Noticed a fire giant
 21900 | D:12     | Noticed a tengu reaver
 21911 | D:12     | Identified the +9 plate armour of Xom's Whim {rPois rC+
                  | Regen+}
 21914 | D:12     | Noticed a fire giant
 21926 | D:12     | Killed a tengu reaver
 21999 | D:12     | Killed a fire giant
 22179 | D:12     | Killed a fire giant
 22293 | D:12     | Learned a level 5 spell: Curse of Agony
 22440 | D:13     | Reached skill level 1 in Necromancy
 22466 | D:13     | Reached skill level 1 in Spellcasting
 22484 | D:13     | Found Hytankar's Distillery.
 22504 | D:13     | Bought a potion of cancellation for 120 gold pieces
 22504 | D:13     | Bought a potion of attraction for 45 gold pieces
 22504 | D:13     | Bought a potion of curing for 45 gold pieces
 22529 | D:13     | Gained mutation: You have a pair of small horns on your
                  | head. [potion of mutation]
 22529 | D:13     | Gained mutation: You expend magic power (3 MP) to
                  | strengthen your wands. [potion of mutation]
 22530 | D:13     | Lost mutation: You have a pair of small horns on your head.
                  | [potion of mutation]
 22530 | D:13     | Lost mutation: You expend magic power (3 MP) to strengthen
                  | your wands. [potion of mutation]
 22530 | D:13     | Gained mutation: You are vulnerable to heat. (rF-) [potion
                  | of mutation]
 22530 | D:13     | Gained mutation: Your system is resistant to poisons.
                  | (rPois) [potion of mutation]
 22530 | D:13     | Gained mutation: You are somewhat resistant to further
                  | mutation. [potion of mutation]
 22531 | D:13     | Lost mutation: You are vulnerable to heat. (rF-) [potion of
                  | mutation]
 22531 | D:13     | Lost mutation: You are somewhat resistant to further
                  | mutation. [potion of mutation]
 22531 | D:13     | Lost mutation: Your system is resistant to poisons. (rPois)
                  | [potion of mutation]
 22531 | D:13     | Gained mutation: You do not regenerate when monsters are
                  | visible. [potion of mutation]
 22531 | D:13     | Gained mutation: Your muscles are strong. (Str +4, Int/Dex
                  | -1) [potion of mutation]
 22531 | D:13     | Gained mutation: You are strong-willed. (Will+) [potion of
                  | mutation]
 22532 | D:13     | Lost mutation: Your muscles are strong. (Str +4, Int/Dex
                  | -1) [potion of mutation]
 22532 | D:13     | Lost mutation: You do not regenerate when monsters are
                  | visible. [potion of mutation]
 22532 | D:13     | Lost mutation: You are strong-willed. (Will+) [potion of
                  | mutation]
 22532 | D:13     | Gained mutation: You have hooves in place of feet. [potion
                  | of mutation]
 22532 | D:13     | Gained mutation: Your magical capacity is low. (-10% MP)
                  | [potion of mutation]
 22592 | D:13     | Found a gate leading to a gauntlet.
 22599 | Gauntlet | Entered a Gauntlet
 22599 | Gauntlet | Found a transporter.
 22599 | Gauntlet | Found a transporter.
 22599 | Gauntlet | Found a transporter.
 22620 | Gauntlet | Found a transporter.
 22632 | Gauntlet | Found a transporter.
 22633 | Gauntlet | Found a transporter.
 22643 | Gauntlet | Found a transporter.
 22661 | Gauntlet | Found a runed translucent door.
 22662 | Gauntlet | Found a transporter.
 22663 | Gauntlet | Found a runed translucent door.
 22677 | Gauntlet | Found a transporter.
 22680 | Gauntlet | Found a transporter.
 22691 | Gauntlet | Found a transporter.
 22691 | Gauntlet | Found a transporter.
 22827 | Gauntlet | Identified the +8 chain mail of Elyvilon's Favour {+Blink
                  | rPois Str-2}
 22867 | Gauntlet | Identified the +0 helmet of Lies {rElec Str+5}
 22928 | Gauntlet | Identified the staff "Bimo" {rN+ Int+3 Conj}
 23156 | D:13     | Lost mutation: Your magical capacity is low. (-10% MP)
                  | [potion of mutation]
 23156 | D:13     | Lost mutation: You have hooves in place of feet. [potion of
                  | mutation]
 23156 | D:13     | Gained mutation: You have sharp fingernails. [potion of
                  | mutation]
 23156 | D:13     | Gained mutation: You expend magic power (3 MP) to
                  | strengthen your wands. [potion of mutation]
 23296 | D:13     | Noticed a fire giant
 23306 | D:13     | Killed a fire giant
 23312 | D:13     | Identified the +6 dagger of Bohucreq {chaos, Str+5}
 23373 | D:13     | Noticed a sphinx
 23390 | D:13     | Noticed a tengu reaver
 23408 | D:13     | Got the Directory of Terrestrial Hypothermia
 23458 | D:13     | Killed a sphinx
 23481 | D:13     | Killed a tengu reaver
 23642 | D:13     | Reached skill level 5 in Necromancy
 23917 | D:14     | Found a gate to the Vaults.
 23925 | D:14     | Reached skill level 1 in Ice Magic
 23956 | D:14     | Found a hide-covered altar of Uskayaw.
 23970 | D:14     | Reached skill level 10 in Shields
 25032 | D:15     | Entered Level 15 of the Dungeon
 25194 | D:15     | Reached skill level 10 in Armour
 25449 | D:15     | Gained mutation: You have hooves in place of feet. [demonic
                  | ancestry]
 25449 | D:15     | Reached XP level 15. HP: 101/142 MP: 15/22
 25682 | D:15     | Found a staircase to the Depths.
 25740 | D:15     | Found Biruin's Distillery.
 25745 | D:15     | Bought a potion of might for 72 gold pieces
 26073 | Orc:1    | Entered Level 1 of the Orcish Mines
 26533 | Orc:2    | Entered Level 2 of the Orcish Mines
 26586 | Orc:2    | Found a staircase to the Elven Halls.
 27145 | Orc:2    | Found Befedgh's Magic Scroll Shop.
 27152 | Orc:2    | Bought a scroll of teleportation for 54 gold pieces
 27152 | Orc:2    | Bought a scroll of blinking for 135 gold pieces
 27152 | Orc:2    | Bought a scroll of blinking for 135 gold pieces
 27169 | Orc:2    | Found a radiant altar of Vehumet.
 27169 | Orc:2    | Noticed Erolcha
 27185 | Orc:2    | Killed Erolcha
 27197 | Orc:2    | Found Xozan's Antique Armour Boutique.
 27200 | Orc:2    | Noticed Nergalle
 27216 | Orc:2    | Killed Nergalle
 27264 | Orc:2    | Found an ancient bone altar of Kikubaaqudgha.
 27287 | Orc:2    | Found Plog's Jewellery Boutique.
 27328 | Orc:2    | Found Adwataik's Jewellery Shop.
 28030 | Spider:1 | Entered Level 1 of the Spider Nest
 28044 | Spider:1 | Reached skill level 15 in Armour
 28911 | Spider:2 | Reached skill level 19 in Fighting
 29622 | Spider:3 | Noticed Donald
 29643 | Spider:3 | Killed Donald
 29792 | Spider:3 | Reached XP level 16. HP: 144/153 MP: 21/23
 30084 | Spider:3 | Noticed Roxanne
 30334 | Spider:3 | Reached skill level 20 in Fighting
 30406 | Spider:3 | Noticed Arachne
 30420 | Spider:3 | Killed Arachne
 31026 | Spider:4 | Entered Level 4 of the Spider Nest
 31199 | Spider:4 | Got Wony's Discourse on Mustering
 31385 | Spider:4 | Reached skill level 21 in Fighting
 31441 | Spider:4 | Learned a level 3 spell: Vampiric Draining
 32013 | Spider:4 | Noticed Louise
 32065 | Spider:4 | Killed Louise
 32110 | Spider:4 | Got a gossamer rune of Zot
 32411 | Shoals:1 | Entered Level 1 of the Shoals
 32462 | Shoals:1 | Got the Spellbook of Space and Chrysopoeia
 32667 | Shoals:1 | Got the Exposition on Entranced Hyperthermia
 32719 | Shoals:1 | Found a runed translucent door.
 32719 | Shoals:1 | Identified a scroll of acquirement
 32735 | Shoals:1 | Gained mutation: A powerful demonic guardian rushes to your
                  | aid. [demonic ancestry]
 32735 | Shoals:1 | Reached XP level 17. HP: 63/165 MP: 10/24
 32739 | Shoals:1 | HP: 8/165 [merfolk impaler/+0 demon trident (15)]
 32739 | Shoals:1 | Slain by a merfolk impaler

Action                     |  1- 3 |  4- 6 |  7- 9 | 10-12 | 13-15 | 16-18 || total
---------------------------+-------+-------+-------+-------+-------+-------++-------
  Melee: Spear             |    69 |       |       |       |       |       ||    69
         Kick              |    20 |    29 |    45 |       |   244 |   226 ||   564
         Dagger            |    28 |    88 |   609 |       |       |       ||   725
         Demon blade       |       |       |   145 |   331 |   504 |   250 ||  1230
         Rapier            |       |       |       |   485 |   868 |   269 ||  1622
  Throw: Throwing net      |       |       |       |     2 |       |       ||     2
 Invoke: Sacrifice Artific |       |       |     1 |       |       |       ||     1
         Sacrifice Experie |       |       |     1 |       |       |       ||     1
         Sacrifice Drink   |       |       |     1 |       |       |       ||     1
         Draw Out Power    |       |       |       |     3 |     2 |       ||     5
         Sacrifice Nimblen |       |       |       |     1 |       |       ||     1
         Power Leap        |       |       |       |     1 |     2 |       ||     3
    Use: Potion            |     1 |     2 |       |     1 |    13 |       ||    17
         Scroll            |       |       |     7 |     9 |    16 |     2 ||    34
   Stab: Invisible         |       |       |     1 |     9 |    13 |     7 ||    30
         Distracted        |       |       |     1 |     3 |     8 |     3 ||    15
         Paralysed         |       |       |       |     3 |     4 |       ||     7
         Petrified         |       |       |       |     3 |     1 |       ||     4
 Armour: Robe              |    23 |    39 |     4 |       |       |       ||    66
         Leather armour    |     4 |       |       |       |       |       ||     4
         Chain mail        |    10 |    17 |   391 |   431 |   380 |       ||  1229
         Animal skin       |       |       |       |   112 |    46 |       ||   158
         Plate armour      |       |       |       |     7 |   739 |   532 ||  1278
  Dodge: Dodged            |    37 |    71 |   308 |   370 |   624 |   291 ||  1701
  Block: Buckler           |       |       |   176 |   177 |    57 |       ||   410
         Kite shield       |       |       |       |       |   593 |   410 ||  1003

Levels and vault maps discovered:
D:1:      amcnicky_arrival_feature_with_door, layout_basic, serial_glass,
          glass_columns_a, glass_columns_a, glass_columns_a,
          minmay_strange_pillars, serial_shops,
          nicolae_shop_bloodbath_and_beyond
D:2:      layout_loops_corners, basic_altar
D:3:      layout_loops_corners, chequers_serial_rivers_large_a, grunt_decor_cap,
          goddamned_bats, uniq_sigmund, uniq_natasha
D:4:      layout_gridville, nicolae_overflow_hidden_temple
D:5:      layout_loops_ring, lemuel_crystal_altar, grunt_dithmenos_shadows,
          mainiacjoe_overflow_catch_the_wave, kennysheep_little_box
D:6:      layout_gridville, temple_green
D:7:      layout_basic, cheibrodos_worm_habitat, serial_corexii_hall,
          chequers_hall_statues_wall_a, corexii_hall_statues_deadend,
          roadster_capsule_ark_zombie
D:8:      layout_cave_pools, david_lair_generic, grunt_decor_mini_mirrors,
          minmay_microvault
D:9:      layout_basic, serial_shops, nicolae_shop_tiny_glass, uniq_maurice
D:10:     layout_rooms, special_room [special_room_bee], enter_bailey_2,
          nicolae_where_there's_smoke
D:11:     layout_small_grid, hiddenorc2_lemuel, serial_shops, shop
D:12:     minmay_tearing_corner, layout_cave_pools, serial_shops,
          nicolae_shop_advertising_works [nicolae_subvault_shop_adworks],
          serial_bayou_lagoon_a, serial_bayou_pond_d, uniq_josephine
D:13:     minmay_tile_spiral, layout_cross, serial_shops, shop,
          gauntlet_entry_generic
D:14:     layout_basic, david_vaults_2, nicolae_uskayaw_en_pointe
D:15:     hellmonk_depths_entry_around_the_bend, layout_basic,
          serial_bayou_ford_a, serial_shops, nicolae_shop_rolling_square,
          drop_trap
Lair:1:   layout_long_grid
Lair:2:   layout_small_grid, minmay_shoals_entry_hut, minmay_lair_oklob_items,
          disabler_island, grunt_megastairs_1
Lair:3:   layout_regular_city, spider_nest_entry_funnel_web,
          gammafunk_ghost_arena
Lair:4:   layout_big_grid, minmay_slime_entry_pillars,
          ebering_ghost_funeral_grove, portal_ice_cave_rime,
          lemuel_fruit_fields, uniq_rupert, uniq_nessos
Lair:5:   guppyfry_lair_end_dragon, layout_cellular_growth, wormcave,
          serial_rivers, chequers_serial_rivers_micro_b,
          chequers_serial_rivers_micro_d, chequers_serial_rivers_small_a,
          chequers_serial_rivers_micro_e, chequers_serial_rivers_room_b,
          infiniplex_staircase_pool_2, grunt_megastairs_3, serial_bayou_shore_a
Shoals:1: nicolae_shoals_offshore_bank_account, layout_shoals, uniq_kirke
Spider:1: layout_spider_delve
Spider:2: layout_spider_delve
Spider:3: layout_chambers, nicolae_spider_bug_shape, uniq_arachne, uniq_donald,
          uniq_roxanne
Spider:4: grunt_spider_rune_parallel, drop_trap, uniq_louise
Orc:1:    layout_diamond_mine, guppyfry_orc_lava_fort
Orc:2:    kennysheep_orc_mage_school, layout_caves, roderic_batcave,
          elves_outpost_lemuel

Table legend: (Time is in decaauts)
 A = Elapsed time spent in this place.
 B = Non-inter-level travel time spent in this place.
 C = Inter-level travel time spent in this place.
 D = Time resting spent in this place.
 E = Time spent auto-exploring this place.
 F = Levels seen in this place.
 G = Mean time per level.
                   A        B        C        D        E       F      G
               +--------+--------+--------+--------+--------+-----+--------+
         Total |  31929 |  29738 |   2191 |   6217 |  15657 |  30 | 1064.3 |
       Dungeon |  16783 |  15470 |   1313 |   2877 |   8591 |  15 | 1118.9 |
          Lair |   6927 |   6392 |    535 |   1902 |   3056 |   5 | 1385.4 |
        Shoals |    303 |    303 |      0 |     27 |    108 |   1 |  303.0 |
   Spider Nest |   4205 |   3997 |    208 |    517 |   2336 |   4 | 1051.2 |
  Orcish Mines |   1712 |   1579 |    133 |     22 |   1180 |   2 |  856.0 |
        Bailey |    456 |    456 |      0 |    154 |    134 |   1 |  456.0 |
      Ice Cave |   1224 |   1224 |      0 |    717 |    195 |   1 | 1224.0 |
      Gauntlet |    315 |    315 |      0 |      0 |     56 |   1 |  315.0 |
               +--------+--------+--------+--------+--------+-----+--------+

Top non-repeatable levels by time:
  Lair:5: 2228 daAuts
    D:12: 1916 daAuts
  Lair:2: 1741 daAuts
     D:7: 1690 daAuts
     D:3: 1512 daAuts
Spider:3: 1453 daAuts
     D:6: 1307 daAuts
   Orc:2: 1261 daAuts
    D:14: 1234 daAuts
   IceCv: 1224 daAuts
  Lair:4: 1192 daAuts
Spider:4: 1184 daAuts
     D:9: 1155 daAuts
  Lair:3: 1116 daAuts
    D:13: 1012 daAuts

Table legend:
 A = Kills in this place as a percentage of kills in the entire game.
 B = Kills by you in this place as a percentage of kills by you in the entire game.
 C = Kills by friends in this place as a percentage of kills by friends in the entire game.
 D = Other kills in this place as a percentage of other kills in the entire game.
 E = Experience gained in this place as a percentage of experience gained in the entire game.
 F = Experience gained in this place divided by the number of levels of this place that you have seen.
                   A       B       C       D       E      F
               +-------+-------+-------+-------+-------+----------------------
         Total | 100.0 | 100.0 | 100.0 | 100.0 | 100.0 | 9714.2
       Dungeon |  42.4 |  42.0 |  70.0 |  27.3 |  28.1 | 5457.1
          Lair |  17.2 |  17.1 |  20.0 |  18.2 |  21.6 | 12613.0
        Shoals |   1.9 |   1.9 |   0.0 |   9.1 |   4.2 | 12206.0
   Spider Nest |  19.6 |  19.7 |   0.0 |  45.5 |  33.6 | 24493.8
  Orcish Mines |  11.4 |  11.7 |   0.0 |   0.0 |   7.9 | 11558.0
        Bailey |   1.9 |   2.0 |   0.0 |   0.0 |   0.2 | 722.0
      Ice Cave |   4.4 |   4.3 |  10.0 |   0.0 |   3.0 | 8837.0
      Gauntlet |   1.3 |   1.3 |   0.0 |   0.0 |   1.3 | 3649.0
               +-------+-------+-------+-------+-------+----------------------
